 Dungeon Crawl Stone Soup version 0.29.1 (webtiles) character file.

Game seed: 3621533633191692277

375 qw the Cleaver (level 6, -2/53 HPs)
             Began as a Minotaur Berserker on Sept 13, 2022.
             Was a Priest of Trog.
             Slain by a gnoll
             ... wielding a +0 spear
              (3 damage)
             ... on level 5 of the Dungeon.
             The game lasted 00:01:09 (3926 turns).

qw the Cleaver (Minotaur Berserker)                 Turns: 3926, Time: 00:01:09

Health: -2/53      AC:  8    Str: 23    XL:     6   Next: 44%
Magic:  5/5        EV:  8    Int:  4    God:    Trog [***...]
Gold:   120        SH:  0    Dex: 10    Spells: 5/5 levels left

rFire   . . .      SeeInvis .   Y - +0 war axe
rCold   . . .      Faith    .   (no shield)
rNeg    . . .      Spirit   .   b - +0 chain mail
rPois   +          Reflect  .   (helmet restricted)
rElec   .          Harm     .   (no cloak)
rCorr   .          Rampage  .   (no gloves)
Will    .....                   (no boots)
Stlth   ..........              (no amulet)
HPRegen 0.17/turn               d - ring of poison resistance
MPRegen 0.09/turn               (no ring)

@: on berserk cooldown, slowed, very slow
A: horns 2, retaliatory headbutt
a: Renounce Religion, Berserk, Trog's Hand


You were on level 5 of the Dungeon.
You worshipped Trog.
Trog was most pleased with you.
You visited 1 branch of the dungeon, and saw 5 of its levels.

You collected 120 gold pieces.


Innate Abilities, Weirdness & Mutations

You have a pair of horns on your head.
You reflexively headbutt those who attack you in melee.


   Skills:
 - Level 4.5 Fighting
 + Level 8.4 Axes
 - Level 2.4 Armour
 - Level 2.1 Dodging


You had 5 spell levels left.
You didn't know any spells.
Your spell library was empty.

Inventory:

Hand Weapons
 l - a +0 flail
 Y - a +0 war axe (weapon)
Armour
 a - a +2 chain mail of poison resistance
 b - a +0 chain mail (worn)
Jewellery
 d - a ring of poison resistance (left hand)
Scrolls
 j - a scroll of identify
Potions
 c - a potion of cancellation
 e - 2 potions of curing
 f - a potion of resistance
 g - a potion of flight {unknown}
 h - a potion of magic {unknown}
 i - a potion of brilliance {unknown}
 k - a potion of might {unknown}
 n - a potion of lignification {unknown}

Dungeon Overview and Level Annotations

Branches:
Dungeon (5/15)
 Temple: D:4-7

Altars:
Hepliaklqana
Qazlal
Wu Jian

Shops:
D:3 :

Annotations:
D:5 Ijyb


Message History

Ijyb hits you but does no damage. The gnoll hits you with a +0 whip.
You closely miss the gnoll. You headbutt the gnoll.
You kill the gnoll!
Trog accepts your kill.
You barely miss Ijyb. The hound completely misses you. You furiously retaliate!
You headbutt the hound. Ijyb hits you but does no damage.
The hound bites you but does no damage. Ijyb barely misses you.
You furiously retaliate!
You headbutt Ijyb, but do no damage. You barely miss the hound.
The hound is moderately wounded.
You closely miss Ijyb. The hound bites you but does no damage.
Ijyb hits you with a +0 dagger of flaming.
Ijyb burns you.
The hound stops to sniff the ground.
The hound bites you but does no damage. The quokka barely misses you.
You hit the hound but do no damage.
The hound is moderately wounded.
You hit Ijyb but do no damage. You slash the quokka!
You kill the quokka!
Trog accepts your kill. The hound bites you.
The gnoll hits you from afar with a +0 spear.
Ijyb hits you with a +0 dagger of flaming.
Ijyb burns you. The hound bites you but does no damage.
Ijyb hits you but does no damage.
The gnoll hits you from afar with a +0 spear.
The hound bites you.
You slash the hound! Your headbutt misses the hound.
The hound is severely wounded.
You hit Ijyb. The hound bites you. The gnoll closely misses you.
Ijyb closely misses you. The hound bites you.
You slash the hound!
You kill the hound!
Trog accepts your kill.
You barely miss Ijyb.
The gnoll hits you from afar with a +0 spear.
You die...

... .... #..#
####... #
..#..# #.
#..g# .# #.##
##g).# ### .
#...##.@).#
..# ##.
#.....#.# #.#
#.. ##...## .#
#.# #.# #..#.#
.. #.# #.#
#.#.#... ..
#.# #)#
#.#..###.# ..
#.###)# # #.##
... . ...##)##
#.# #.#
#...)..#####.#
..#


You could see Ijyb and a gnoll.

Vanquished Creatures
  A black bear (D:5)
  A scorpion (D:4)
  A hound (D:5)
  A jelly (D:4)
  An orc wizard (D:5)
  3 gnolls (D:5)
  5 adders
  An ufetubus (D:4)
  A worm (D:3)
  3 dart slugs
  5 orcs
  7 ball pythons
  4 bats
  3 endoplasms
  3 giant cockroaches
  9 goblins
  10 hobgoblins
  4 jackals (D:1)
  11 kobolds
  3 quokkas
  4 frilled lizards
  5 rats
86 creatures vanquished.

Vanquished Creatures (others)
  3 withered plants (D:5)
3 creatures vanquished.

Grand Total: 89 creatures vanquished

Notes
Turn   | Place    | Note
-------+----------+-------------------------------------------
     0 | D:1      | qw the Minotaur Berserker began the quest for the Orb.
     0 | D:1      | Reached XP level 1. HP: 19/19 MP: 0/0
     0 | D:1      | 0 ||| qw: Version: 0.1-a-119-g272c26d
     0 | D:1      | 0 ||| qw: Game counter: 11287
     0 | D:1      | 0 ||| qw: Always use a shield: true
     0 | D:1      | 0 ||| qw: Do Orc after D:15 true
     0 | D:1      | 0 ||| qw: Do second Lair branch before Depths: true
     0 | D:1      | 0 ||| qw: Lair rune preference: random
     0 | D:1      | 0 ||| qw: Plans: Normal
     0 | D:1      | 0 ||| PLANNING D:1-11
    47 | D:1      | Reached skill level 4 in Axes
   171 | D:1      | 171 ||| Stepping ~*~*~tactically~*~*~ (stealth).
   177 | D:1      | Reached XP level 2. HP: 24/26 MP: 1/1
   225 | D:1      | 225 ||| Stepping ~*~*~tactically~*~*~ (stealth).
   281 | D:1      | 281 ||| DROPPING +0 club.
   440 | D:1      | You fall into a shaft and drop 1 floor!
   492 | D:2      | Reached skill level 5 in Axes
   632 | D:2      | Reached XP level 3. HP: 31/31 MP: 2/2
   642 | D:2      | 642 ||| UPGRADING to +0 leather armour.
   652 | D:2      | 652 ||| DROPPING +0 animal skin.
   653 | D:2      | 653 ||| UPGRADING to +0 ring mail.
   663 | D:2      | 663 ||| DROPPING +0 leather armour.
   664 | D:2      | 664 ||| UPGRADING to ring of poison resistance.
   665 | D:2      | 665 ||| READING scroll labelled TUUXYD ALOIDWU.
   666 | D:2      | 666 ||| READING scroll labelled WOXOSK NEMOMEY.
   667 | D:2      | 667 ||| READING scroll labelled MEYTZICLUI.
   724 | D:1      | 724 ||| Stepping ~*~*~tactically~*~*~ (stealth).
   974 | D:1      | Reached ** piety under Trog
  1321 | D:1      | 1321 ||| READING scroll labelled ACZEEPECO JUDU.
  1764 | D:2      | 1764 ||| DROPPING +0 mace.
  1822 | D:2      | Reached skill level 6 in Axes
  1822 | D:2      | Reached XP level 4. HP: 39/39 MP: 3/3
  1973 | D:2      | 1973 ||| UPGRADING to +0 chain mail.
  1983 | D:2      | 1983 ||| DROPPING +0 ring mail.
  1984 | D:2      | 1984 ||| READING scroll labelled BOBEDO IGONAIDD.
  1985 | D:2      | 1985 ||| READING scroll labelled XINWAUHOIF.
  2018 | D:3      | 2018 ||| SWAPPING to +0 war axe.
  2023 | D:3      | 2023 ||| Stepping ~*~*~tactically~*~*~ (stealth).
  2027 | D:3      | 2027 ||| DROPPING +0 hand axe.
  2100 | D:3      | Found Gykukh's Book Shop.
  2682 | D:3      | 2682 ||| Stepping ~*~*~tactically~*~*~ (stealth).
  2808 | D:3      | 2808 ||| DROPPING amulet of magic regeneration.
  2809 | D:3      | 2809 ||| READING scroll labelled HUAJOU MAHOUJOA.
  2810 | D:3      | 2810 ||| DRINKING 2 amethyst potions.
  2811 | D:3      | 2811 ||| READING 2 scrolls of identify.
  2811 | D:3      | 2811 ||| IDENTIFYING fizzy golden potion
  2812 | D:3      | 2812 ||| DROPPING potion of berserk rage.
  3048 | D:4      | Reached *** piety under Trog
  3166 | D:4      | 3166 ||| Stepping ~*~*~tactically~*~*~ (hiding).
  3291 | D:4      | Found a hazy altar of Hepliaklqana.
  3301 | D:4      | Found a stormy altar of Qazlal.
  3322 | D:4      | 3322 ||| INVOKING Berserk.
  3324 | D:4      | Reached skill level 7 in Axes
  3324 | D:4      | Reached XP level 5. HP: 45/45 MP: 4/4
  3482 | D:4      | Found an ornate altar of the Wu Jian Council.
  3734 | D:4      | 3734 ||| READING scroll labelled FUOHAX ZUU.
  3735 | D:4      | 3735 ||| READING scroll labelled ROGEKL QAIDI.
  3736 | D:4      | 3736 ||| READING 3 scrolls of identify.
  3736 | D:4      | 3736 ||| IDENTIFYING fuming cyan potion
  3737 | D:4      | 3737 ||| READING 2 scrolls of identify.
  3737 | D:4      | 3737 ||| IDENTIFYING black potion
  3757 | D:5      | Entered Level 5 of the Dungeon
  3764 | D:5      | 3764 ||| INVOKING Berserk.
  3908 | D:5      | Noticed a black bear
  3910 | D:5      | 3910 ||| INVOKING Berserk.
  3913 | D:5      | Noticed Ijyb
  3920 | D:5      | Reached XP level 6. HP: 26/53 MP: 5/5
  3921 | D:5      | Reached skill level 8 in Axes
  3924 | D:5      | HP: 11/53 [Ijyb/+0 dagger of flaming (4)]
  3924 | D:5      | HP: 5/53 [hound (3)]
  3925 | D:5      | HP: 1/53 [hound (3)]
  3926 | D:5      | Slain by a gnoll

Levels and vault maps discovered:
D:1:      minmay_arrival_four_houses, layout_basic
D:2:      layout_loops_ring, minmay_distorted
D:3:      corexii_shack_village, layout_loops_ring, serial_shops, shop,
          grunt_ministairs_9, corner_web_ring
D:4:      layout_basic, lemuel_tele_altar, minitemple
D:5:      layout_rooms, grunt_temple_overflow_lords_of_destruction,
          yredelemnul_altar_generic, uniq_ijyb, uniq_menkaure

Skill      XL: |  1  2  3  4  5  6 |
---------------+-------------------+-----
Axes           | 4 5 6 7 8 |  8.4
Fighting       | 4 |  4.5
Armour         | |  2.4
Dodging        | |  2.1

Action                   |  1- 3 |  4- 6 || total
-------------------------+-------+-------++-------
Melee: Hand axe          |    94 |     1 ||    95
       Headbutt          |    10 |    10 ||    20
       War axe           |       |    72 ||    72
Invok: Berserk           |       |     3 ||     3
  Use: Scroll            |     4 |     8 ||    12
       Potion            |       |     1 ||     1
Armor: Animal skin       |     4 |       ||     4
       Ring mail         |    13 |       ||    13
       Chain mail        |       |    32 ||    32
Dodge: Dodged            |    45 |    30 ||    75

Table legend:
 A = Non-vault XP
 B = Vault XP
 C = Vault XP percentage of total XP
 D = Non-vault monster count
 E = Vault monster count
 F = Vault count percentage of total count
                 A         B        C        D         E       F
            +---------+---------+-------+---------+---------+-------
      Total |     534 |      45 |   7.8 |      73 |      13 |  15.1
            +---------+---------+-------+---------+---------+-------
        D:1 |      43 |       0 |   0.0 |      25 |       0 |   0.0
        D:2 |      44 |      14 |  24.1 |      18 |       2 |  10.0
        D:3 |      38 |      31 |  44.9 |      12 |      11 |  47.8
        D:4 |     149 |       0 |   0.0 |       8 |       0 |   0.0
        D:5 |     260 |       0 |   0.0 |      10 |       0 |   0.0
            +---------+---------+-------+---------+---------+-------
